Map: Honorgrounds LE

Players

Guru - Winner!

  • Race: Zerg Zerg
  • Spawn Location: 7:00

MaNa

  • Race: Protoss Protoss
  • Spawn Location: 11:00

Event: IEM XI Katowice - World Championship 2017

VOD

Have the link to the VOD?

Description

Time

  • Played on: Feb. 28, 2017, 10:07 a.m.
  • Length: 16:04

All games in this series

Show
View Real Time Build Order
Export as new Build Order

Guru Zerg - Winner!

Build Orders: Pool First 

Get SALT Encoding   

  12  0:01  Drone  
  13  0:08  Drone  
  14  0:26  Spawning Pool  
  13  0:30  Drone  
  14  0:38  Overlord  
  14  0:43  Extractor  
  14  0:45  Drone  
  15  0:59  Drone  
  16  1:13  Zergling x6  
  19  1:24  Hatchery  
  18  1:31  Queen  
  20  1:36  Extractor  
  20  1:37  Drone  
  20  1:41  Drone  
  20  1:46  Drone  
  22  2:07  Overlord  
  22  2:12  Overlord  
  22  2:24  Queen  
  22  2:28  Drone  
  22  2:29  Drone  
  26  2:40  Metabolic Boost  
  26  2:43  Drone x2  
  26  2:44  Drone x2  
  31  2:51  Drone  
  31  3:01  Drone x2  
  32  3:07  Evolution Chamber, Drone  
  32  3:09  Drone  
  32  3:19  Drone  
  34  3:20  Drone x2  
  34  3:25  Overlord  
  34  3:29  Extractor  
  34  3:31  Drone  
  34  3:32  Drone  
  34  3:33  Drone  
  36  3:35  Lair  
  36  3:39  Drone  
  36  3:40  Drone  
  38  3:41  Drone  
  38  3:45  Drone  
  40  3:49  Drone x2  
  42  3:57  Roach Warren, Drone  
  42  3:58  Extractor  
  41  4:08  Zergling x2  
  41  4:09  Drone x2  
  44  4:11  Drone  
  45  4:20  Drone  
  45  4:21  Drone x2  
  48  4:24  Overlord  
  48  4:30  Drone  
  49  4:34  Zerg Missile Weapons Level 1  
  49  4:36  Zergling x2  
  49  4:38  Overseer  
  50  4:39  Glial Reconstitution  
  50  4:41  Roach  
  50  4:45  Roach x2  
  56  4:47  Roach  
  56  4:49  Roach  
  60  4:56  Hatchery  
  59  5:04  Overlord  
  59  5:07  Overlord  
  59  5:09  Queen  
  59  5:13  Overlord  
  59  5:19  Overlord  
  59  5:24  Roach x4  
  59  5:25  Roach  
  69  5:30  Ravager  
  69  5:31  Roach x3  
  69  5:33  Roach  
  69  5:35  Roach  
  80  5:37  Roach  
  80  5:41  Roach  
  84  5:46  Roach  
  85  5:53  Roach  
  85  5:56  Drone x2  
  84  5:57  Drone  
  84  6:00  Drone  
  84  6:03  Roach  
  88  6:07  Extractor  
  88  6:08  Hydralisk Den  
  86  6:15  Drone x2  
  88  6:19  Drone  
  88  6:20  Drone  
  88  6:21  Overlord  
  88  6:34  Spore Crawler  
  88  6:35  Overseer  
  88  6:36  Overlord  
  88  6:37  Roach  
  88  6:38  Roach  
  88  6:42  Drone x3  
  88  6:43  Drone  
  85  6:48  Roach  
  87  6:57  Drone x3  
  87  6:59  Roach  
  92  7:02  Roach x3  
  92  7:03  Roach  
  92  7:06  Roach  
  100  7:09  Roach x2  
  100  7:15  Roach x2  
  106  7:17  Drone  
  98  7:23  Drone  
  98  7:28  Drone x2  
  98  7:29  Queen  
  101  7:30  Drone  
  104  7:42  Hydralisk  
  104  7:43  Hydralisk x2  
  104  7:46  Muscular Augments  
  100  7:56  Hydralisk x3  
  102  8:01  Hydralisk  
  102  8:04  Hydralisk  
  102  8:05  Hydralisk  
  106  8:15  Overlord x2  
  106  8:16  Overlord  
  104  8:22  Hydralisk x2  
  104  8:26  Hydralisk  
  102  8:36  Hydralisk x3  
  102  8:37  Hydralisk x2  
  102  8:40  Roach  
  110  8:42  Roach  
  102  8:49  Roach x3  
  102  8:54  Roach x2  
  110  8:57  Roach x2  
  110  9:02  Drone x2  
  116  9:06  Zergling x4  
  116  9:07  Zergling x4  
  116  9:09  Ravager x4  
  125  9:10  Ravager  
  125  9:14  Zergling x4  
  127  9:20  Zerg Melee Weapons Level 1  
  127  9:22  Zergling x6  
  130  9:27  Overlord  
  130  9:29  Overlord  
  128  9:41  Zergling x2  
  128  9:44  Drone  
  128  9:45  Spire  
  129  9:47  Extractor x2, Drone  
  129  9:48  Drone x3  
  129  9:49  Drone x2  
  129  9:50  Drone x3  
  136  10:00  Drone x3  
  136  10:01  Drone  
  140  10:08  Drone x2  
  140  10:11  Ravager x2  
  140  10:12  Ravager x2  
  140  10:14  Overlord  
  146  10:18  Ravager  
  146  10:19  Overlord  
  146  10:22  Overlord  
  146  10:25  Overlord  
  146  10:27  Hatchery  
  145  10:31  Zergling x2  
  145  10:32  Zergling x8  
  150  10:38  Zergling x8  
  150  10:42  Zergling x4  
  156  10:45  Zergling x8  
  160  11:00  Mutalisk x5  
  169  11:08  Drone  
  169  11:09  Drone x2  
  168  11:14  Mutalisk x2  
  168  11:16  Mutalisk x2  
  176  11:19  Mutalisk  
  177  11:38  Mutalisk x4  
  183  11:42  Drone  
  183  11:44  Overlord  
  183  11:45  Overlord  
  184  11:53  Overlord  
  184  12:06  Zergling x22  
  184  12:07  Zergling x2  
  173  12:23  Mutalisk  
  173  12:24  Mutalisk x3  
  170  12:30  Zergling x12  
  170  12:31  Zergling x2  
  170  12:32  Mutalisk  
  170  12:33  Mutalisk  
  170  12:36  Mutalisk  
  177  12:38  Mutalisk x3  
  177  12:40  Zergling x2  
  184  12:47  Mutalisk  
  161  12:51  Mutalisk  
  161  12:57  Zergling x12  
  161  12:58  Zergling x2  
  165  13:02  Mutalisk  
  155  13:11  Mutalisk  
  155  13:12  Mutalisk  
  137  13:13  Zergling x8  
  137  13:14  Zergling x4  
  137  13:16  Zergling x8  
  139  13:25  Zergling x6  
  142  13:28  Zergling x2  
  141  13:42  Corruptor x4  
  141  13:45  Corruptor  
  151  13:52  Zergling x4  
  151  13:54  Hatchery  
  148  14:16  Hydralisk x2  
  152  14:18  Zergling x2  
  152  14:19  Zergling x30  
  168  14:31  Hydralisk  
  168  14:34  Hydralisk x3  
  172  14:46  Mutalisk x2  
  172  14:47  Mutalisk x2  
  172  14:52  Mutalisk x2, Extractor  
  179  14:53  Extractor  
  179  14:57  Zergling x6  
  180  15:12  Mutalisk x2  
  170  15:21  Hydralisk x3  
  170  15:22  Hydralisk  
  170  15:23  Zergling x8  
  170  15:24  Zergling x4  
  170  15:25  Zergling x4  
  182  15:30  Zergling x2  
  182  15:31  Hydralisk, Zergling x2  
  182  15:32  Hydralisk x2  
  177  15:36  Hydralisk  
  177  15:38  Hydralisk  
  177  15:40  Zergling x6  
Show
View Real Time Build Order
Export as new Build Order

MaNa Protoss 

Build Orders: 1 Gate Expand 

Get SALT Encoding   

  12  0:00  Probe (Chrono Boost)  
  13  0:11  Probe (Chrono Boost)  
  14  0:17  Pylon  
  14  0:22  Probe (Chrono Boost)  
  16  0:35  Probe (Chrono Boost)  
  16  0:38  Gateway  
  16  0:46  Probe (Chrono Boost)  
  16  0:47  Assimilator  
  17  0:56  Probe (Chrono Boost)  
  18  1:07  Probe (Chrono Boost)  
  19  1:17  Probe (Chrono Boost)  
  20  1:25  Nexus  
  20  1:35  Cybernetics Core  
  20  1:38  Probe (Chrono Boost)  
  21  1:43  Assimilator  
  21  1:48  Probe (Chrono Boost)  
  21  1:53  Pylon  
  22  1:59  Probe (Chrono Boost)  
  23  2:12  Mothership Core (Chrono Boost)  
  23  2:14  Pylon  
  25  2:22  Pylon  
  26  2:37  Probe x2 (Chrono Boost)  
  26  2:40  Adept  
  26  2:41  Twilight Council  
  28  2:48  Probe (Chrono Boost)  
  28  2:49  Warp Gate  
  29  2:56  Probe (Chrono Boost)  
  28  2:59  Probe (Chrono Boost)  
  29  3:10  Probe x2 (Chrono Boost)  
  31  3:17  Resonating Glaives, Adept  
  33  3:26  Probe (Chrono Boost)  
  34  3:29  Probe (Chrono Boost)  
  35  3:36  Probe (Chrono Boost)  
  35  3:39  Probe (Chrono Boost)  
  37  3:44  Adept  
  37  3:47  Probe (Chrono Boost)  
  40  3:50  Probe (Chrono Boost)  
  40  3:52  Gateway  
  41  4:00  Gateway  
  42  4:03  Probe (Chrono Boost)  
  42  4:04  Probe (Chrono Boost)  
  42  4:09  Pylon  
  43  4:13  Adept  
  46  4:17  Probe (Chrono Boost)  
  46  4:18  Probe (Chrono Boost)  
  46  4:22  Pylon  
  46  4:29  Probe x2 (Chrono Boost)  
  48  4:33  Robotics Facility  
  48  4:39  Probe (Chrono Boost)  
  48  4:41  Pylon, Probe (Chrono Boost)  
  50  4:46  Pylon  
  50  4:54  Adept  
  50  4:55  Adept x2  
  56  5:02  Probe (Chrono Boost)  
  56  5:03  Probe (Chrono Boost)  
  56  5:04  Pylon  
  58  5:15  Adept x3  
  58  5:19  Probe x2 (Chrono Boost)  
  66  5:22  Warp Prism  
  68  5:32  Probe x2 (Chrono Boost)  
  70  5:40  Assimilator, Sentry x2  
  70  5:41  Assimilator, Sentry  
  76  5:45  Probe x2 (Chrono Boost)  
  76  5:53  Immortal  
  64  6:03  Pylon  
  68  6:07  Probe (Chrono Boost)  
  68  6:08  Robotics Facility  
  68  6:09  Probe (Chrono Boost)  
  70  6:19  Adept, Sentry  
  70  6:20  Sentry  
  70  6:23  Probe (Chrono Boost)  
  70  6:25  Probe (Chrono Boost)  
  75  6:40  Pylon  
  75  6:42  Pylon  
  75  6:46  Adept  
  60  6:55  Immortal  
  60  6:57  Pylon  
  60  6:59  Pylon, Adept  
  70  7:01  Immortal  
  70  7:06  Pylon  
  67  7:19  Adept  
  67  7:20  Adept  
  70  7:23  Probe x2 (Chrono Boost)  
  70  7:28  Cybernetics Core  
  70  7:29  Immortal  
  70  7:32  Gateway  
  70  7:34  Gateway  
  70  7:35  Immortal  
  72  7:44  Zealot x2  
  57  8:08  Sentry x2  
  63  8:17  Probe x2 (Chrono Boost)  
  69  8:27  Immortal  
  69  8:30  Sentry x2  
  69  8:33  Probe (Chrono Boost)  
  69  8:34  Probe (Chrono Boost)  
  75  8:39  Pylon, Immortal  
  70  8:59  Probe x2 (Chrono Boost), Adept x2, Sentry  
  78  9:11  Pylon  
  78  9:12  Pylon  
  78  9:24  Warp Prism  
  78  9:30  Adept x3  
  78  9:31  Adept  
  88  9:42  Pylon  
  88  9:46  Pylon  
  88  9:55  Immortal  
  88  9:56  Robotics Bay  
  92  10:18  Nexus  
  92  10:28  Pylon  
  92  10:30  Pylon  
  92  10:37  Disruptor x2  
  98  10:44  Stargate  
  98  10:46  Stargate  
  98  10:50  Pylon  
  98  10:57  Pylon  
  98  11:11  Disruptor  
  98  11:12  Disruptor  
  98  11:13  Probe x2 (Chrono Boost), Protoss Air Weapons Level 1  
  106  11:29  Phoenix x2  
  104  11:45  Probe (Chrono Boost)  
  104  11:46  Probe x2 (Chrono Boost)  
  103  11:51  Phoenix x2  
  103  11:57  Stalker  
  103  11:58  Probe (Chrono Boost)  
  107  12:08  Fleet Beacon  
  107  12:14  Phoenix  
  102  12:30  Adept x3  
  102  12:31  Adept  
  102  12:37  Phoenix x2  
  109  12:46  Probe x2 (Chrono Boost)  
  100  12:58  Phoenix  
  95  13:06  Phoenix  
  95  13:10  Probe x3 (Chrono Boost)  
  88  13:20  Assimilator, Phoenix  
  92  13:28  Probe x2 (Chrono Boost)  
  90  13:37  Probe (Chrono Boost)  
  90  13:40  Probe (Chrono Boost)  
  85  13:43  Probe (Chrono Boost)  
  85  13:46  Anion Pulse-Crystals  
  85  13:48  Probe (Chrono Boost)  
  87  13:51  Probe (Chrono Boost)  
  87  13:54  Probe (Chrono Boost)  
  89  13:59  Probe (Chrono Boost)  
  89  14:01  Probe (Chrono Boost)  
  91  14:04  Probe (Chrono Boost)  
  91  14:08  Phoenix  
  91  14:09  Probe (Chrono Boost)  
  95  14:16  Probe x2 (Chrono Boost)  
  97  14:20  Probe (Chrono Boost)  
  98  14:26  Phoenix  
  86  14:46  Stalker x2  
  90  14:55  Phoenix  
  90  15:19  Stalker  
  90  15:21  Stalker  
  90  15:30  Probe (Chrono Boost)  
  90  15:32  Probe (Chrono Boost)  
  86  15:37  Probe (Chrono Boost)  
  86  15:41  Probe (Chrono Boost)  
  87  15:43  Probe (Chrono Boost)  
  87  15:48  Probe (Chrono Boost)  
  84  15:51  Probe (Chrono Boost)  
  60  15:59  Zealot x2  

Tags
 
Add a new tag
Caveats
  • Supply blocks, unpowered buildings, or Contaminate may cause inaccurate times.
  • Supply counts are checked every 10 seconds.